 Dungeon Crawl Stone Soup version 0.28-a0-653-g7e9dba17c3 (webtiles) character file.

Game seed: 9447116423349386703

76 ryw the Skirmisher (level 4, -2/38 HPs)
             Began as a Demonspawn Gladiator on Oct 11, 2021.
             Slain by an orc wizard (4 damage)
             ... on level 2 of the Dungeon.
             The game lasted 00:02:51 (2128 turns).

ryw the Skirmisher (Demonspawn Gladiator)           Turns: 2128, Time: 00:02:52

Health: -2/38      AC:  5    Str: 15    XL:     4   Next: 12%
Magic:  4/4        EV: 12    Int:  9    God:
Gold:   45         SH:  0    Dex: 15    Spells: 3/3 levels left

rFire   . . .      SeeInvis .     - Unarmed
rCold   . . .      Faith    .   (no shield)
rNeg    . . .      Spirit   .   a - +0 leather armour
rPois   .          Reflect  .   b - +0 helmet
rElec   .          Harm     .   (no cloak)
rCorr   .          Rampage  .   (no gloves)
Will    .....                   (no boots)
Stlth   +.........              (no amulet)
HPRegen 0.12/turn               (no ring)
MPRegen 0.09/turn               (no ring)

@: no status effects
A: sharp scales 1, condensation shield
a: no special abilities


You were on level 2 of the Dungeon.
You visited 1 branch of the dungeon, and saw 2 of its levels.

You collected 45 gold pieces.

Inventory:

Missiles
 c - 5 throwing nets (quivered)
Armour
 a - a +0 leather armour (worn)
 b - a +0 helmet (worn)
Jewellery
 h - a ring of see invisible
Scrolls
 d - a scroll of fog {unknown}
 e - a scroll of blinking {unknown}
 f - a scroll of vulnerability {unknown}
 i - a scroll of enchant armour {unknown}
 j - 2 scrolls of teleportation {unknown}
 k - a scroll of magic mapping {unknown}
 l - a scroll of identify {unknown}


   Skills:
 + Level 4.4 Fighting
 - Level 1.7 Throwing
 - Level 2.6 Dodging
 - Level 2.6 Unarmed Combat


You had 3 spell levels left.
You didn't know any spells.
Your spell library contained the following spells:

 Spells                   Type           Power      Damage    Failure   Level
 Foxfire                  Conj/Fire      0%         2x1d4     45%         1
 Conjure Flame            Conj/Fire      0%         6-21      83%         3
 Inner Flame              Hex/Fire       0%         N/A       83%         3
 Flame Wave               Conj/Fire      0%         3d3       99%         4
 Alistair's Intoxication  Tmut/Pois      0%         N/A       100%        5
 Borgnjor's Vile Clutch   Necr/Erth      0%         N/A       100%        5
 Eringya's Noxious Bog    Tmut/Pois      0%         N/A       100%        6


Dungeon Overview and Level Annotations

Branches:
Dungeon (2/15)

Altars:


Innate Abilities, Weirdness & Mutations

You are partially covered in razor-sharp scales. (AC +1, Slay +1)
A meltable shield of frost defends you. (SH +0)


Message History

You're too confused to move!
The kobold hits you but does no damage. The orc hits you with a +0 mace.
The kobold hits you with a +0 short sword.
The orc throws a silver boomerang.
The silver boomerang misses you.
You are too confused!
Unknown command.
You bump into the rock wall.
The kobold hits you but does no damage.
You barely miss the kobold. The kobold closely misses you.
The orc hits you but does no damage.
The orc wizard gestures at you while chanting.
You resist with some effort.
You hit the orc.
You kill the orc!
The kobold hits you with a +0 short sword.
The orc wizard hits you with a +0 dagger.
* * * LOW HITPOINT WARNING * * *
Unknown command.
Unknown command.
You barely miss the orc wizard. The kobold barely misses you.
You're too confused to move!
You feel less confused. The kobold barely misses you.
The orc wizard hits you but does no damage.
You hit the orc wizard.
The orc wizard is lightly wounded.
The orc barely misses you. Something hits you.
* * * LOW HITPOINT WARNING * * *
The kobold barely misses you. The orc wizard barely misses you.
Unknown command.
Unknown command.
It was a potion of magic.
Magic courses through your body. The orc closely misses you.
You hear some strange, mumbled words.
A puff of flame appears from out of thin air!
The puff of flame hits you.
* * * LOW HITPOINT WARNING * * *
The kobold hits you with a +0 short sword.
* * * LOW HITPOINT WARNING * * *
Something hits you.
You die...

[##.##..#........##.## ##...o#.#.
.##.......######.....###.....o...
.##..###..# ####........##{...
.......##.# #.##....# #o##.
........#.# #.##..#####.#
.#####....## #.....# #..# .#
#.....##########...####.## .#
###......##o{[..........# .#
#.#..P.##@K.#....###### ##
#....≈P.≈o....##....#
###..#.≈≈≈≈P.≈#######.#
####...[#≈≈P♣♣♣≈≈≈# #.##
##....##..≈♣♣♣ ♣≈PP# #..#
##..#####..≈≈♣ ♣≈≈P# ##.## #..##
#.P≈≈♣♣♣♣≈≈.# #..# #.##
##.P≈≈≈≈≈≈≈P# ##.# ..#
#.≈≈P≈P≈..## #.###


You could see an orc wizard, an orc and a kobold.

Vanquished Creatures
  2 adders (D:2)
  A dart slug (D:2)
  An orc (D:2)
  6 ball pythons (D:1)
  3 bats
  5 endoplasms
  7 goblins
  4 hobgoblins
  8 jackals
  4 kobolds
  2 quokkas
  A frilled lizard (D:1)
  3 rats
47 creatures vanquished.

Vanquished Creatures (others)
  A fungus (D:1)
  13 plants
14 creatures vanquished.

Grand Total: 61 creatures vanquished

Notes
Turn   | Place    | Note
-------+----------+-------------------------------------------
     0 | D:1      | ryw the Demonspawn Gladiator began the quest for the Orb.
     0 | D:1      | Reached XP level 1. HP: 16/16 MP: 1/1
   348 | D:1      | Gained mutation: A meltable shield of frost defends you.
                  | (SH +0) [demonic ancestry]
   348 | D:1      | Reached XP level 2. HP: 20/23 MP: 2/2
   413 | D:1      | Reached skill level 3 in Fighting
   874 | D:1      | Found a faded altar of an unknown god.
   937 | D:1      | Gained mutation: You are partially covered in razor-sharp
                  | scales. (AC +1, Slay +1) [demonic ancestry]
   937 | D:1      | Reached XP level 3. HP: 29/29 MP: 3/3
  1680 | D:2      | Reached skill level 4 in Fighting
  1881 | D:2      | Reached XP level 4. HP: 30/38 MP: 4/4
  2128 | D:2      | Slain by an orc wizard

Illustrated notes

Levels and vault maps discovered:
D:1:      lightli_arrival_chessboard, layout_basic,
          shapermc_ecumenical_altar_mp_urbaneastern
D:2:      layout_rooms, serial_bayou, serial_bayou_pond_a, serial_bayou_pond_c,
          serial_bayou_pond_a, serial_bayou_pond_e, kennysheep_small_spiral,
          minmay_misc_feat_x, minmay_pentomino_o4

Skill      XL: |  1  2  3 |
---------------+----------+-----
Fighting       | 3 4 |  4.4
Throwing       | |  1.7
Dodging        | |  2.6
Unarmed Combat | |  2.6

Action                   |  1- 3 |  4- 6 || total
-------------------------+-------+-------++-------
Melee: Unarmed           |   184 |    16 ||   200
       Punch             |     2 |       ||     2
  Use: Potion            |       |     1 ||     1
Armor: Leather armour    |    44 |     8 ||    52
Dodge: Dodged            |   109 |    19 ||   128
Block: Other             |    22 |     3 ||    25

Table legend: (Time is in decaauts)
 A = Elapsed time spent in this place.
 B = Non-inter-level travel time spent in this place.
 C = Inter-level travel time spent in this place.
 D = Time resting spent in this place.
 E = Time spent auto-exploring this place.
 F = Levels seen in this place.
 G = Mean time per level.
                   A        B        C        D        E       F      G
               +--------+--------+--------+--------+--------+-----+--------+
         Total |   2121 |   2039 |     82 |    345 |   1305 |   2 | 1060.5 |
       Dungeon |   2121 |   2039 |     82 |    345 |   1305 |   2 | 1060.5 |
               +--------+--------+--------+--------+--------+-----+--------+

Top non-repeatable levels by time:
     D:1: 1456 daAuts
     D:2: 665 daAuts
